[Event "Summer Chess Classic-B 2022"]
[Site "Saint Louis"]
[Date "2022.06.04"]
[Round "3.1"]
[White "Ali Marandi, Cemil Can"]
[Black "Harutyunyan, Tigran K."]
[Result "1-0"]
[ECO "C45"]
[WhiteElo "2532"]
[BlackElo "2550"]
[Annotator "TA"]
[PlyCount "105"]
[EventDate "2022.05.31"]
[EventType "tourn"]
[EventCountry "USA"]
[SourceTitle "playchess.com"]
[Source "ChessBase"]
[SourceQuality "1"]
[TimeControl "40/5400+30:1800+30"]

1. e4 e5 2. Nf3 Nc6 3. d4 exd4 4. Nxd4 Nf6 5. Nxc6 bxc6 6. e5 Qe7 7. Qe2 Nd5 8. h4 Qe6 {[%emt 0:01:09] C45: Scotch Game.} 9. Nd2 $1 {[%emt 0:00:40] The main line 9.Nd2 scores better than 9.g3.} a5 10. g3 Nb4 {[%emt 0:17:54][%csl LRa2,LRc2] Black has an edge.} 11. Nf3 Ba6 12. c4 $1 Qg6 13. Kd1 {[%emt 0:02:47] Inhibits Nc2. a3 is the strong threat.} c5 $1 14. a3 (14. h5 $5 Qb6 15. Ke1 $11 (15. a3 Nc6 $11)) 14... Nc6 15. h5 Qe6 16. Bd2 Be7 {[%emt 0:07:39] Against Rh4} 17. Bc3 O-O 18. Qe4 {[%emt 0:01:08] Against d5} f5 19. Qd5 Nd8 20. Nd2 (20. Qxa8 Bb7 21. Qxb7 Nxb7 $17) 20... Bb7 21. Bg2 Bxd5 22. Bxd5 a4 23. f4 {[%emt 0:01:08] [#]} g5 $146 ({Predecessor:} 23... Nc6 24. Nf3 Rfd8 25. Kc2 Kf8 26. Bxe6 dxe6 27. Rad1 Rxd1 28. Rxd1 Ke8 29. Ne1 Ra7 {0-1 (77) Mchedlishvili,M (2595)-Sargissian,G (2694) Sharjah 2022}) 24. hxg6 $1 {[%emt 0:05:13] The board is on fire.} hxg6 25. Kc2 Kg7 {[%emt 0:02:58] And now ...Qa6 would win.} 26. Bxe6 Nxe6 27. Nf3 (27. Rad1 {keeps more tension.} Nd4+ 28. Kd3 Rab8 29. Rh2) 27... Rh8 28. Rxh8 Rxh8 29. Rd1 Rd8 30. b3 axb3+ 31. Kxb3 Kf7 32. a4 Rb8+ 33. Kc2 d6 34. a5 Ke8 35. Rh1 Nf8 36. Rh8 {[%emt 0:05:23] Black must now prevent e6.} Kf7 37. Ne1 dxe5 38. fxe5 ({Much worse is} 38. Bxe5 $6 Bf6 39. Bxf6 Kxf6 $11) 38... Rb7 39. Nd3 g5 $2 {[%emt 0:00:02][%mdl 8192] [#] Black cannot hold the game after this.} (39... c6 $16 {is a better defense.}) 40. e6+ $1 $18 Kxe6 41. Rh6+ Kd7 {[%emt 0:30:05] [#]} 42. Ne5+ $1 Kc8 43. Rh8 {[%emt 0:00:00] Threatens to win with Ng6.} Kd8 $2 (43... Bd6 44. Nf7 Be7) 44. Ng6 {[%emt 0:00:00] White is clearly winning.} Ke8 45. Nxf8 ({Weaker is} 45. Bg7 Kf7 46. Bxf8 Bf6 47. Bxc5 (47. Rh6 Rb2+ 48. Kc1 Ra2 $16) 47... Rb2+ 48. Kc1 Ra2 $16) 45... Bxf8 {[%emt 0:00:00][%mdl 4096] Endgame KRB-KRB} 46. Bg7 $1 Kf7 47. Bxf8 {[%emt 0:00:00] KRB-KR} Ra7 48. Bxc5 Rxa5 49. Rh7+ Ke6 50. Rxc7 Ra2+ 51. Kd3 Rg2 52. Re7+ Kf6 53. Re3 {[%emt 0:00:00] Weighted Error Value: White=0.02 (flawless) /Black=0.28 (precise)} 1-0

[Event "Summer Chess Classic-B 2022"]
[Site "Saint Louis"]
[Date "2022.06.04"]
[Round "3.2"]
[White "Vazquez, Guillermo"]
[Black "Burke, John M"]
[Result "1-0"]
[ECO "C54"]
[WhiteElo "2557"]
[BlackElo "2579"]
[Annotator "TA"]
[PlyCount "119"]
[EventDate "2022.05.31"]
[EventType "tourn"]
[EventCountry "USA"]
[SourceTitle "playchess.com"]
[Source "ChessBase"]
[SourceQuality "1"]
[TimeControl "40/5400+30:1800+30"]

1. e4 e5 2. Nf3 Nc6 3. Bc4 Bc5 4. O-O Nf6 5. d3 O-O 6. h3 d6 7. c3 a6 8. Re1 {[%emt 0:01:25] 8.a4 gains popularity. C54: Giuoco Piano: 4 c3 Nf6, main lines with 5 d4 and 5 d3.} h6 9. a4 a5 10. Nbd2 {[%emt 0:03:44] The position is equal.} Be6 11. b3 d5 12. exd5 Nxd5 13. Ne4 {[%emt 0:00:18] [#]} Ba7 $146 ({Predecessor:} 13... Bb6 14. Bd2 f5 15. Ng3 Qd6 16. Nf1 Rae8 17. Bb5 Bd7 18. Ne3 Bxe3 19. fxe3 e4 20. dxe4 fxe4 {0-1 (48) Duda,J (2743)-So,W (2770) Chess.com INT 2020}) 14. Bd2 f5 15. Ng3 Qd6 16. Qe2 Rae8 $1 17. Nxe5 f4 $1 18. Nf1 {[%emt 0:05:27] [#]} Nxe5 (18... Bxf2+ $1 $11 19. Qxf2 (19. Kxf2 Bf7 $17) 19... Nxe5) 19. Qxe5 $16 Qd7 {[%emt 0:00:07] ...Bf7 is the strong threat.} (19... Qc5 $2 20. d4 Qc6 21. Bb5 $18) 20. Qh5 $36 {[%emt 0:03:22][%cal Oe1e6][%mdl 2048] White is pushing.} (20. d4 Bf7 21. Bxd5 (21. Bb5 $2 c6 $19) 21... Rxe5 22. Bxf7+ Qxf7 $17) 20... c6 $1 21. Nh2 Rf5 22. Qd1 b5 23. Bxd5 Rxd5 24. d4 (24. Bxf4 Rxd3 25. Qe2 Rxc3 26. axb5 cxb5 $11) 24... b4 25. Nf3 ({Not} 25. Bxf4 bxc3 26. Nf3 Bxd4 27. Nxd4 Rxd4 $17) 25... bxc3 26. Bxc3 c5 27. Bxa5 cxd4 28. Bd2 (28. Ne5 $1 $16 Qb7 29. Bd2) 28... Rf8 $2 (28... d3 $1 $11) 29. Ne5 Rxe5 30. Rxe5 {[%emt 0:00:04][%cal Be1e5,Be5b5,Bb5b7][%mdl 32] Threatens to win with Qe1.} f3 (30... d3 $142) 31. Qf1 $2 ({Stronger than} 31. gxf3 d3 $11) ({Don't do} 31. Bb4 $6 Rf6 $16) (31. Qe1 $18 Rf6 32. g4) 31... d3 $11 {[%emt 0:01:37] Hoping for ...fxg2.} 32. Be3 {[%emt 0:02:59] And now Bxa7 would win.} Bb8 {[%emt 0:00:48] [#]} (32... fxg2 $1 $11 33. Qxg2 Bxb3) 33. Rb5 $1 $16 {[%emt 0:03:03] Black is on the road to losing.} fxg2 $2 (33... Rd8 $16 {keeps fighting.}) 34. Qxg2 $18 Rd8 35. Rb7 Bc7 36. Rd1 $2 (36. Rc1 $18 {and the rest is easy.} Bd5 {[#]} 37. Rbxc7 $1 Qxc7 38. Rxc7 Bxg2 39. Kxg2) 36... Bd5 (36... Qf7 $16) 37. Rxd3 Bxg2 38. Rxd7 {[%emt 0:00:05] Chess con chili.} Bxb7 39. Rxc7 {[%emt 0:00:16][%mdl 4096] Endgame KRB-KRB} Rd1+ 40. Kh2 Bd5 41. b4 g5 42. Rc1 Rxc1 43. Bxc1 {[%emt 0:00:00] aiming for b5. KB-KB} Kf7 $2 (43... Bb3 44. a5 Bc4) 44. b5 Kg6 45. a5 Kf5 46. Kg3 h5 47. f3 Bc4 48. b6 {[%emt 0:00:00] White wants to mate with b7.} Ba6 49. Ba3 Bb7 50. Be7 Ba6 51. Bd8 Bc8 52. Kf2 Bb7 53. Ke3 {[%emt 0:00:00] Threatening mate with Kd4.} g4 54. fxg4+ hxg4 55. h4 (55. hxg4+ $142 Ke5 56. g5 Kf5 57. Kd4 Kg6 58. Kc5 Ba6 59. Kc6 Kf5 60. b7) 55... g3 56. h5 {[%emt 0:00:00][%cal Bh4h5,Bh5h6][%mdl 32] White mates.} g2 57. Kf2 Ke6 58. h6 Kf7 59. Bg5 Kg6 60. a6 {[%emt 0:00:00] Weighted Error Value: White=0.34/Black=0.37} 1-0

[Event "Summer Chess Classic-B 2022"]
[Site "Saint Louis"]
[Date "2022.06.04"]
[Round "3.3"]
[White "Checa, Nicolas"]
[Black "Yoo, Christopher Woojin"]
[Result "1/2-1/2"]
[ECO "E48"]
[WhiteElo "2533"]
[BlackElo "2535"]
[Annotator "TA"]
[PlyCount "88"]
[EventDate "2022.05.31"]
[EventType "tourn"]
[EventCountry "USA"]
[SourceTitle "playchess.com"]
[Source "ChessBase"]
[SourceQuality "1"]
[TimeControl "40/5400+30:1800+30"]

1. d4 Nf6 2. c4 e6 3. Nc3 Bb4 4. e3 O-O 5. Bd3 d5 6. cxd5 exd5 7. a3 {[%emt 0:00:04] E48: Nimzo-Indian: Rubinstein: 5 Bd3 d5 including 6 Ne2, but excluding 6 a3.} Bd6 8. Qc2 c5 9. dxc5 Bxc5 10. Nf3 {[%emt 0:07:55] [#]} Re8 $146 ({Predecessor:} 10... Nc6 11. b4 Bb6 12. b5 Na5 13. Na4 Bg4 14. Nxb6 Qxb6 15. Nd4 Rac8 16. Qb1 Bh5 {0-1 (49) Ivanisevic,I (2601)-Navara,D (2700) Belgrade 2022}) 11. O-O Bg4 12. Be2 Nbd7 13. b4 Bd6 14. Nb5 Bb8 15. Bb2 a6 16. Nbd4 Ne4 17. Nd2 (17. h3 $5 Bxf3 18. Nxf3 $14 (18. Bxf3 Be5 $14)) 17... Qh4 (17... Ne5 $11 {and Black is okay.}) 18. g3 $18 Bxg3 19. fxg3 (19. hxg3 Nxg3 20. fxg3 Qxg3+ 21. Kh1 Rac8 $11) 19... Nxg3 {[%emt 0:00:06] Hoping for ...Rac8.} 20. N2f3 $1 (20. hxg3 Qxg3+ 21. Kh1 Qh3+ 22. Kg1 Qg3+ 23. Kh1 Qh3+ 24. Kg1 Rac8 $11) 20... Nxe2+ 21. Nxe2 (21. Qxe2 $6 Qh5 $16) 21... Qe7 (21... Qh6 $16) 22. Bd4 Qe4 23. Qc7 (23. Qxe4 dxe4 24. Ng5 f6 $17) 23... Bxf3 {[%emt 0:03:40] [#]} 24. Qg3 $1 Ne5 $16 (24... Bg4 $2 25. Rf4 Qe7 26. Rxg4 $18) 25. Nc3 {[%emt 0:01:38][%mdl 64] Deflection} Qd3 26. Rxf3 Nxf3+ 27. Qxf3 {[%emt 0:00:05] aiming for Kh1.} Rad8 28. Rd1 {[%emt 0:03:26][%mdl 1024] White has strong compensation.} Qc2 29. Kh1 Re6 30. Rf1 $40 {[%emt 0:00:20][%mdl 128] White attacks with force.} f6 31. Qg4 (31. Rg1 $16 Kh8 32. h3 (32. Nxd5 Qe4 $14)) 31... Rdd6 {[%emt 0:02:53] [#]} ({Better is} 31... Rc6 $14) 32. Rg1 $1 g6 33. h4 ({White should play} 33. Qf3 $16) 33... Kf7 34. Qf4 {[%emt 0:01:58] Strongly threatening Qh6.} Ke8 (34... Rc6 $1 $11 {keeps the balance.} 35. Qh6 (35. Nxd5 Qe4+ 36. Qxe4 Rxe4 $11) 35... Rxc3 36. Bxc3 (36. Qxh7+ Ke8 $14) 36... Qxc3 37. Qxh7+ Ke8) 35. Qf3 Kf7 36. h5 (36. Nxd5 Qe4 37. Qxe4 Rxe4 $17) 36... Rd8 (36... Rc6 $1 $14) 37. Rf1 ({Of course not} 37. Nxd5 $6 Qe4 38. Qxe4 Rxe4 39. hxg6+ hxg6 $11) 37... f5 38. Qf4 $2 ({Don't take} 38. Nxd5 $6 Qe4 39. Nf4 (39. hxg6+ hxg6 40. Nf4 Ree8 $14) 39... Qxf3+ 40. Rxf3 Re4 $14) (38. Rf2 $18 Qc1+ 39. Kg2) 38... Rc8 $1 $11 39. Rf2 Qc1+ {[%emt 0:01:08] The position is equal.} 40. Rf1 {[%emt 0:00:05] Really sharp!} Qc2 41. Rf2 Qc1+ 42. Rf1 Qc2 43. Rf2 Qc1+ 44. Rf1 Qc2 {[%emt 0:00:07] Weighted Error Value: White=0.25 (precise) /Black=0.20 (precise)} 1/2-1/2

[Event "Summer Chess Classic-B 2022"]
[Site "Saint Louis"]
[Date "2022.06.04"]
[Round "3.4"]
[White "Dragun, Kamil"]
[Black "Antipov, Mikhail Al."]
[Result "1/2-1/2"]
[ECO "D85"]
[WhiteElo "2571"]
[BlackElo "2592"]
[Annotator "TA"]
[PlyCount "118"]
[EventDate "2022.05.31"]
[EventType "tourn"]
[EventCountry "USA"]
[SourceTitle "playchess.com"]
[Source "ChessBase"]
[SourceQuality "1"]
[TimeControl "40/5400+30:1800+30"]

1. d4 Nf6 2. c4 g6 3. Nc3 d5 4. cxd5 Nxd5 5. e4 Nxc3 6. bxc3 Bg7 7. Nf3 c5 8. Bb5+ Nc6 9. O-O O-O 10. Bxc6 $1 {[%emt 0:00:08][%mdl 4] is recently more successful than 10.Be3.} bxc6 11. Qc2 {[%emt 0:00:18] D85: Exchange Grünfeld: Unusual White 7th moves and lines with 7 Nf3.} cxd4 12. cxd4 Bg4 13. Ne5 $1 Qxd4 14. Bb2 Qb6 15. Rab1 Bxe5 16. Bxe5 Qa5 17. Bc3 Qc5 18. Qb2 a5 {[%emt 0:00:23] Inhibits Bb4.} 19. Bd4 Qb4 20. Qa1 Qd6 21. Qc3 Be2 22. Rfe1 Bb5 23. a4 Bxa4 24. Bh8 {[%emt 0:06:11][%csl Gh8][%cal Rc3g7] [#]} f6 25. e5 {[%emt 0:00:23] [#]} fxe5 $146 ({Predecessor:} 25... Qd8 26. exf6 exf6 27. Rb7 Rf7 28. Rxf7 Kxf7 29. h4 Qd6 30. Qc4+ Kf8 31. Re6 Qd5 32. Rxf6+ {1-0 (64) Bluebaum,M (2642)-Ivic,V (2610) Terme Catez 2022}) 26. Bxe5 Qd5 27. Qa3 Bc2 28. Rbc1 (28. Qxe7 $2 Rf7 29. Qd6 Bxb1 30. Rxb1 a4 31. Qxd5 cxd5 $19) 28... Be4 {[%emt 0:05:22][%cal Of8f2] [#] Hoping for ...Rxf2!} 29. f4 {[%emt 0:18:25] aiming for Rcd1.} (29. Qxe7 Rf7 30. Qh4 Qxe5 $15) (29. Rxe4 $2 Qxe4 30. f4 Rad8 31. Qb3+ Rf7 $19) 29... Rad8 (29... Qd3 $5 30. Bc3 (30. Qxe7 Rf7 $17) (30. Rc3 Qb5 $15) 30... e5 $11) 30. h3 {[%emt 0:07:44][%cal Oe1e4] Threatens to win with Rxe4!} (30. Qxe7 $5 Rd7 31. Qa3 $11 (31. Qg5 c5 $17)) 30... Rd7 31. Kh2 (31. Rc5 Qd3 32. Rc3 Qb5 $15) (31. Qe3 $5 Bf5 32. Bb2 $11 (32. Rc5 Qd3 $15)) 31... Rfd8 ({Don't do} 31... Bxg2 32. Rcd1 Qe6 33. Rxd7 (33. Kxg2 Rxd1 34. Rxd1 Rxf4 $14) 33... Qxd7 34. Kxg2 $16) 32. Rcd1 Qc4 (32... Bd3 $2 33. Re3 $18) 33. Rxd7 Rxd7 34. Qe3 {[%emt 0:00:23] Against Rd2} Bxg2 35. Kxg2 Rd3 {[%emt 0:00:01] Against Qc3} 36. Qe4 {[%emt 0:02:18] Active counter play!} Qb3 37. Bd4 (37. Qxc6 {gets mated.} Rd2+ 38. Kh1 Qxh3+ 39. Kg1 Qh2+ 40. Kf1 Qf2#) 37... Rg3+ 38. Kf2 {[%emt 0:00:02] The board is on fire.} Rxh3 39. Qe6+ ({Don't blunder} 39. Qxc6 $2 Rh2+ 40. Kf1 Qh3+ 41. Kg1 Qg3+ 42. Kf1 Qxf4+ 43. Kg1 Qxd4+ $19) 39... Qxe6 40. Rxe6 $14 {[%emt 0:00:06][%mdl 4096] Endgame KRB-KR} Kf7 41. Rxc6 a4 42. Ra6 a3 43. Be3 (43. Bc5 {keeps more tension.} a2 44. Ke2 Rh4 45. Be3) 43... Rh5 44. Rxa3 e5 45. Ra6 Rf5 46. Ra7+ Ke6 47. Kg3 exf4+ 48. Bxf4 g5 49. Ra6+ Kf7 {[%emt 0:00:00] The position is equal.} 50. Be3 Rf6 51. Ra5 h6 $1 52. Bd4 Re6 53. Kf3 Kg6 54. Be5 Kf5 55. Bd4+ Kg6 56. Be3 Rf6+ 57. Ke4 Re6+ 58. Kf3 Rf6+ 59. Ke4 Re6+ {[%emt 0:00:00] Weighted Error Value: White=0.03 (flawless) /Black=0.03 (flawless)} 1/2-1/2

[Event "Summer Chess Classic-B 2022"]
[Site "Saint Louis"]
[Date "2022.06.04"]
[Round "3.5"]
[White "Zhou, Jianchao"]
[Black "Jacobson, Brandon"]
[Result "1/2-1/2"]
[ECO "E94"]
[WhiteElo "2589"]
[BlackElo "2526"]
[Annotator "TA"]
[PlyCount "83"]
[EventDate "2022.05.31"]
[EventType "tourn"]
[EventCountry "USA"]
[SourceTitle "playchess.com"]
[Source "ChessBase"]
[SourceQuality "1"]
[TimeControl "40/5400+30:1800+30"]

1. d4 Nf6 2. c4 g6 3. Nc3 Bg7 4. e4 d6 5. Be2 O-O 6. Nf3 e5 7. O-O Bg4 8. d5 a5 9. h3 {[%emt 0:00:26] E94: King's Indian: Classical: 6 Be2 e5 7 0-0: Various Black 7th moves.} Bxf3 10. Bxf3 Nbd7 11. Rb1 {[%emt 0:09:00] White is slightly better.} h5 12. Bg5 {[%emt 0:01:10] [#]} Qe8 $146 ({Predecessor:} 12... Qc8 13. b3 Nh7 14. Be3 Qd8 15. g3 h4 16. Bg2 Bf6 17. Nb5 Kg7 18. Qd2 Rh8 {1-0 (60) Slyusar,V (2107)-Palladino,M (2304) ICCF email 2021}) 13. a3 Nh7 14. Bd2 {[%emt 0:05:10] White is more active.} Qe7 15. b4 axb4 16. axb4 Bf6 17. Qc2 Bg5 18. Ra1 Bf4 19. Rxa8 Rxa8 20. Rd1 Ng5 21. Be2 h4 22. Be1 Nf6 23. Bf1 Ra3 24. Qb2 Ra8 25. Qe2 Nh5 {[%emt 0:04:07] Inhibits g3.} 26. c5 (26. Rb1 $14 {feels stronger.}) 26... dxc5 $11 27. d6 cxd6 28. Nd5 Qf8 29. bxc5 dxc5 30. Qg4 Nxe4 {[%emt 0:03:01] ...Nef6 is the strong threat.} 31. Qxh4 Qh6 ({Better is} 31... f5 $1 $11 32. Nxf4 exf4) 32. Qe7 $1 $14 Rf8 (32... Qf8 $14 {was preferrable.}) 33. Qxb7 (33. g3 $16 Bd2 34. Qxe5 Bxe1 35. Qxe4 (35. Rxe1 f5 $16)) 33... Nhf6 34. Nxf6+ Nxf6 35. Qc6 Qg5 {[%emt 0:00:54] [#]} (35... Qh5 $14 36. Rd6 Nh7) 36. g3 $1 $18 {[%emt 0:01:45][%mdl 1024] White has strong compensation.} e4 37. h4 $2 ({White has to play} 37. Bc3 $18 Be5 38. Qxc5) 37... Qf5 $11 {[%emt 0:00:01] White must now prevent ...Rc8. The position is equal.} 38. Bh3 Qh5 (38... Qxh3 $2 39. Qxf6 Bxg3 40. fxg3 $18) 39. Rb1 Be5 {[%emt 0:00:34] [#] Strongly threatening ...Bd4.} 40. Qxc5 Re8 41. Qe3 Rd8 42. Bf1 {[%emt 0:07:45] Weighted Error Value: White=0.14 (very precise) /Black=0.17 (very precise)} 1/2-1/2

[Event "Summer Chess Classic-B 2022"]
[Site "Saint Louis"]
[Date "2022.06.05"]
[Round "4.1"]
[White "Harutyunyan, Tigran K."]
[Black "Jacobson, Brandon"]
[Result "1-0"]
[ECO "A15"]
[WhiteElo "2550"]
[BlackElo "2526"]
[Annotator "TA"]
[PlyCount "93"]
[EventDate "2022.05.31"]
[EventType "tourn"]
[EventCountry "USA"]
[SourceTitle "playchess.com"]
[Source "ChessBase"]
[SourceQuality "1"]
[TimeControl "40/5400+30:1800+30"]

1. Nf3 Nf6 2. c4 g6 3. b4 a5 4. b5 Bg7 5. Bb2 a4 {[%emt 0:07:03] [#]} 6. e3 $146 {[%emt 0:12:36] A15: English Opening: 1...Nf6.} ({Predecessor:} 6. g3 c6 7. Na3 d5 8. Bg2 O-O 9. O-O dxc4 10. bxc6 Nxc6 11. Nxc4 Be6 12. Ne3 a3 13. Bc3 {½-½ (44) Moore,G (2218)-Derakhshani,B (2315) Hull 2018}) 6... c6 7. Be2 cxb5 8. cxb5 {[%emt 0:00:22] The position is equal.} d6 9. O-O Nbd7 10. Na3 Nb6 11. d3 O-O 12. Qd2 e5 13. e4 Re8 14. Rfd1 d5 15. Nxe5 dxe4 16. Qc2 e3 17. fxe3 Nfd5 18. Nec4 (18. Nac4 Bxe5 19. Bxe5 Nxe3 $1 20. Nxe3 Rxe5 $17) 18... Nxe3 (18... Bxb2 {seems wilder.} 19. Qxb2 Nxe3 20. Nxe3 Rxe3 21. Bf3 Re7) 19. Nxe3 {[%emt 0:00:16] Strongly threatening Bxg7.} Bxb2 ({But not} 19... Rxe3 20. Bxg7 Kxg7 21. Bf3 $11 (21. Nc4 Nxc4 22. dxc4 Qg5 $11)) 20. Qxb2 {[%emt 0:00:20] Black must now prevent Nac2.} Rxe3 21. Bf3 Rxd3 22. Rxd3 Qxd3 23. Rd1 $1 Qe3+ 24. Qf2 Qxf2+ (24... Qxa3 {with more complications.} 25. Rd8+ Kg7 26. Qd4+ Kh6) 25. Kxf2 Be6 26. Rd6 ({Much worse is} 26. Bxb7 Rb8 27. Bf3 Bxa2 $15) 26... Nd7 (26... Nc4 $5 27. Rxe6 (27. Nxc4 Bxc4 28. b6 Ba6 $11) 27... Nxa3 $11) 27. Bxb7 Rb8 28. Bd5 Nf6 $1 29. Bf3 Nd7 30. Bd5 Nf6 $1 31. Bc6 Ng4+ 32. Kg3 Ne3 {[%emt 0:00:37] aiming for ...Nf5+.} 33. Kf4 Nf5 34. Rd2 Kf8 35. g4 Ne7 36. Bf3 Nc8 37. Bd5 Ke7 38. Bxe6 $1 fxe6 $14 {[%emt 0:00:02][%mdl 4096] Endgame KRN-KRN} 39. Rc2 Kd6 {[%emt 0:01:38] Prevents Rc7.} 40. Ke4 $1 {[%emt 0:00:59] White is more active.} Ne7 {[%emt 0:01:17] Prevents Rc6+.} (40... Nb6 $16) 41. Nc4+ $18 Kd7 42. Ne5+ Kd6 $2 (42... Kd8) 43. b6 $1 Nd5 {[%emt 0:03:14] [#]} 44. Rc6+ Ke7 {[%emt 0:00:03] [#]} 45. Nc4 $1 {[%emt 0:00:00] Threatens to win with Ke5.} Kf6 46. a3 Rd8 $2 (46... h5) 47. b7 {[%emt 0:00:00] Weighted Error Value: White=0.05 (flawless) /Black=0.30} 1-0

[Event "Summer Chess Classic-B 2022"]
[Site "Saint Louis"]
[Date "2022.06.05"]
[Round "4.2"]
[White "Antipov, Mikhail Al."]
[Black "Zhou, Jianchao"]
[Result "1/2-1/2"]
[ECO "E73"]
[WhiteElo "2592"]
[BlackElo "2589"]
[Annotator "TA"]
[PlyCount "111"]
[EventDate "2022.05.31"]
[EventType "tourn"]
[EventCountry "USA"]
[SourceTitle "playchess.com"]
[Source "ChessBase"]
[SourceQuality "1"]
[TimeControl "40/5400+30:1800+30"]

1. d4 Nf6 2. c4 g6 3. Nc3 Bg7 4. e4 d6 5. Be2 O-O 6. h4 c5 {[%emt 0:06:43] The main line 6...c5 scores better than 6...h5.} 7. d5 e6 8. h5 exd5 {[%emt 0:00:10] E73: King's Indian: Averbakh Variation without 6...c5.} 9. exd5 Qb6 10. g4 Re8 (10... Nbd7 $14 {is more appropriate.}) 11. f3 $16 Nbd7 12. Kf1 Ne5 13. Nh3 {[%emt 0:07:52] [#]} h6 $146 ({Predecessor:} 13... Bd7 14. Nf2 Bc8 15. f4 Ned7 16. hxg6 hxg6 17. g5 Nh7 18. Bd3 Ndf8 19. Qc2 Qd8 {1-0 (47) Ruckschloss,K (2255)-Berek,G (2222) Slovakia 2010}) 14. Qc2 g5 15. Nxg5 hxg5 16. h6 Bf8 17. Bxg5 Nh7 (17... Qd8 $1 $11 {remains equal.}) 18. Ne4 {[%emt 0:14:13] Nf6+ would kill now. White is more active.} Nxg4 {[%emt 0:10:56][%cal Oe8e4] [#]} (18... f5 $2 19. Nf6+ Kh8 20. Nxh7 (20. Nxe8 Nxg5 21. f4 Ne4 $18) 20... Kxh7 21. gxf5 $18) 19. fxg4 (19. Bf4 $1 $16 f5 20. Ng3) 19... Rxe4 $11 20. Bd3 $1 Nxg5 21. Bxe4 Nxe4 22. Re1 $1 Bf5 23. gxf5 {[%emt 0:00:59] Chess con chili.} Ng3+ 24. Kg2 {[%emt 0:02:50][%cal Oc2c3] Threatening mate with Qc3!} Nxh1 25. Kxh1 $2 {[%emt 0:00:30][%mdl 8192] [#]} (25. Rg1 $1 $11 Qb4 26. a3) 25... Qa5 $1 $19 (25... Bxh6 26. Rg1+ Kf8 27. f6 $18) 26. Rg1+ (26. Qg2+ {was necessary.} Kh8 27. Re7) 26... Kh8 27. Qh2 (27. b3 {keeps fighting.} Bxh6 28. Qh2) 27... Qd8 28. Qg3 Bxh6 29. Qc3+ f6 $2 (29... Kh7 $19 {( -> ...Qh4+)} 30. f6 Qe8) 30. Qh3 $11 Qf8 {[%emt 0:00:19] ...Rc8 is the strong threat.} 31. Rg6 Kh7 {[%emt 0:00:02] Strongly threatening ...Re8.} 32. Qh5 $2 (32. a4 $11) 32... Re8 $2 ({Stronger than} 32... b5 33. cxb5 Rb8 34. a4 $15) ({Better is} 32... a6 $19 {White must now prevent ...b5.} 33. a4 b6) 33. Kg2 $15 Re5 (33... Re4 $5 34. Kf2 Re7 $19) 34. a4 Re4 35. b3 b6 36. Kf3 {[%emt 0:00:21] The position is equal.} Re3+ 37. Kf2 Re5 38. Kg2 a6 ({Much worse is} 38... Re3 $6 39. Kf2 $17) 39. Kf2 Re7 40. Kf1 Rb7 41. Kf2 $1 Ra7 42. Kf1 Re7 43. Kf2 Re4 44. Kf3 Rf4+ ({Of course not} 44... Re3+ 45. Kf2 $17) 45. Kg2 Re4 46. Kf3 Re5 47. Kf2 Re7 48. Kf1 Re3 49. Kf2 Rxb3 50. Rxh6+ Qxh6 51. Qf7+ Qg7 52. Qh5+ Kg8 53. Qe8+ Qf8 54. Qg6+ Qg7 55. Qe8+ Qf8 56. Qg6+ $1 {[%emt 0:00:05] Black had all chances to win.  Weighted Error Value: White=0.22 (precise) /Black=0.28 (precise)} 1/2-1/2

[Event "Summer Chess Classic-B 2022"]
[Site "Saint Louis"]
[Date "2022.06.05"]
[Round "4.3"]
[White "Yoo, Christopher Woojin"]
[Black "Dragun, Kamil"]
[Result "1/2-1/2"]
[ECO "E21"]
[WhiteElo "2535"]
[BlackElo "2571"]
[Annotator "TA"]
[PlyCount "80"]
[EventDate "2022.05.31"]
[EventType "tourn"]
[EventCountry "USA"]
[SourceTitle "playchess.com"]
[Source "ChessBase"]
[SourceQuality "1"]
[TimeControl "40/5400+30:1800+30"]

1. d4 Nf6 2. c4 e6 3. Nc3 Bb4 4. e3 O-O 5. Bd2 b6 6. Nf3 c5 {[%emt 0:02:18] E21: Nimzo-Indian: 4 Nf3.} 7. dxc5 Bxc5 8. Bd3 Bb7 {[%emt 0:00:12] The position is equal.} 9. O-O Nc6 10. a3 Rc8 {[%emt 0:02:44] [#]} 11. e4 $146 ({Predecessor:} 11. Rc1 d5 12. cxd5 exd5 13. Bf5 Rc7 14. b4 Bd6 15. Nb5 Re7 16. Nxd6 Qxd6 17. b5 {1-0 (31) Becker,R-Ballo,E Kassel 1995}) 11... Ng4 {[%emt 0:18:59] Against e5} 12. Bf4 Qf6 13. Bg5 Qg6 14. e5 Qh5 15. Bf4 f6 $36 {[%emt 0:02:51][%mdl 2048] Black is pushing.} 16. exf6 (16. Be4 $15 {might be stronger.}) 16... Rxf6 $17 17. Bg3 Nce5 $1 18. Nxe5 {[%emt 0:26:05] [#]} Rxf2 $1 19. Rxf2 Bxf2+ 20. Kf1 ({But not} 20. Kh1 $2 Ne3 $1 21. Bxf2 Nxd1 22. Rxd1 Qxe5 $19) 20... Ne3+ {[%emt 0:11:33][%mdl 64] Discovered Attack, Double Attack} 21. Kxf2 Nxd1+ 22. Rxd1 d6 (22... Rf8+ $1 $15 23. Ke1 Qg5 24. Nxd7 Rd8) 23. Nf3 Rf8 24. Ne4 (24. Be2 $11 {keeps the balance.}) 24... Bxe4 25. Bxe4 Qc5+ 26. Ke2 Qxc4+ 27. Bd3 {[%emt 0:01:16] [#]} Qg4 28. Ke3 e5 29. Be4 {[%emt 0:01:09] [#]} Qc8 $1 30. Rd2 (30. b4 $142) 30... Qc5+ 31. Ke2 Qc4+ 32. Ke3 {[%emt 0:00:38] And now Bd5+ would win.} Qc5+ 33. Ke2 Qc4+ 34. Ke3 $1 {[%emt 0:01:33] Really sharp!} Qc5+ 35. Ke2 Qc4+ 36. Ke3 $1 {[%emt 0:00:57] Bd5+ is the strong threat.} Qc5+ 37. Ke2 Qc4+ 38. Ke3 $1 {[%emt 0:00:45] aiming for Bd5+.} Qc5+ 39. Ke2 Qc4+ 40. Ke3 $1 {[%emt 0:00:07] Hoping for Bd5+.} Qc5+ {[%emt 0:00:53] And White is the lucky defender.  Weighted Error Value: White=0.10 (very precise) /Black=0.45} (40... Kh8 $17 41. h3 b5) 1/2-1/2